Map: 永恒梦境-天梯版

Players

夜蝶蝶蝶蝶蝶蝶蝶 (Firefly)

  • Race: Protoss Protoss

TIME (Oliveira) - Winner!

  • Race: Terran Terran
  • League: Master

Event: DreamHack SC2 Masters 2020 Fall

VOD

Have the link to the VOD?

Description

Time

  • Played on: Sept. 2, 2020, 8:35 a.m.
  • Length: 10:36

All games in this series

Show
View Real Time Build Order
Export as new Build Order

夜蝶蝶蝶蝶蝶蝶蝶 Protoss 

Build Orders: 1 Gate Expand, Blink Stalkers, Colossus Rush 

Get SALT Encoding   

  12  0:00  Probe  
  13  0:12  Probe  
  14  0:17  Pylon  
  14  0:24  Probe  
  15  0:35  Gateway  
  15  0:37  Probe (Chrono Boost)  
  16  0:46  Probe (Chrono Boost)  
  16  0:49  Assimilator  
  17  0:51  Probe (Chrono Boost)  
  18  1:03  Probe  
  19  1:15  Probe  
  20  1:22  Cybernetics Core  
  20  1:32  Nexus  
  20  1:39  Pylon  
  20  1:43  Probe  
  21  1:47  Assimilator  
  21  1:56  Stalker (Chrono Boost)  
  23  2:03  Shield Battery  
  23  2:05  Probe  
  23  2:08  Warp Gate  
  24  2:15  Adept (Chrono Boost)  
  24  2:17  Probe  
  27  2:29  Probe  
  28  2:38  Adept  
  28  2:42  Twilight Council  
  28  2:44  Probe x2  
  32  2:57  Probe (Chrono Boost)  
  33  3:02  Probe (Chrono Boost)  
  35  3:14  Probe (Chrono Boost)  
  35  3:16  Probe (Chrono Boost)  
  36  3:20  Probe  
  36  3:24  Probe  
  38  3:28  Blink (Chrono Boost)  
  38  3:32  Probe  
  39  3:36  Probe  
  39  3:38  Gateway  
  39  3:41  Robotics Facility  
  40  3:43  Gateway  
  40  3:44  Probe  
  41  3:48  Probe  
  41  3:51  Pylon  
  42  3:56  Probe  
  42  3:57  Sentry  
  42  4:00  Probe  
  46  4:05  Assimilator  
  46  4:08  Shield Battery, Assimilator  
  46  4:09  Probe  
  47  4:13  Probe  
  47  4:16  Shield Battery  
  46  4:19  Stalker  
  46  4:21  Probe  
  44  4:35  Stalker  
  44  4:37  Stalker  
  43  4:46  Probe x2 (Chrono Boost)  
  43  4:50  Robotics Bay  
  44  4:57  Observer  
  44  4:58  Probe (Chrono Boost)  
  47  5:01  Probe (Chrono Boost)  
  47  5:03  Probe (Chrono Boost)  
  47  5:06  Forge  
  48  5:08  Probe  
  48  5:10  Pylon  
  48  5:12  Probe  
  50  5:15  Warp Prism (Chrono Boost)  
  50  5:18  Pylon  
  50  5:20  Probe  
  53  5:29  Stalker x3  
  59  5:42  Colossus (Chrono Boost)  
  59  5:46  Protoss Ground Weapons Level 1 (Chrono Boost)  
  65  5:58  Stalker x2  
  65  6:01  Pylon  
  69  6:04  Extended Thermal Lance, Pylon  
  69  6:14  Charge  
  69  6:15  Pylon  
  68  6:22  Nexus  
  68  6:26  Shield Battery  
  68  6:30  Colossus  
  74  6:42  Shield Battery  
  74  6:43  Pylon  
  74  6:45  Stalker x2  
  78  6:50  Stalker  
  78  6:53  Probe x2  
  80  7:15  Stalker x2  
  80  7:16  Zealot  
  80  7:18  Probe  
  87  7:24  Colossus  
  93  7:34  Probe x2  
  93  7:35  Probe  
  96  7:38  Zealot x2  
  96  7:39  Zealot  
  102  7:46  Probe x2  
  102  7:47  Pylon  
  105  7:51  Gateway  
  105  7:52  Gateway  
  105  7:53  Protoss Ground Armor Level 1 (Chrono Boost)  
  105  8:01  Gateway  
  105  8:02  Gateway  
  105  8:05  Gateway  
  104  8:07  Sentry  
  104  8:09  Sentry  
  108  8:14  Zealot  
  108  8:16  Colossus  
  116  8:30  Zealot  
  118  8:34  Stalker x2  
  120  8:42  Pylon  
  120  8:45  Pylon  
  120  8:46  Pylon  
  116  8:54  Zealot x3  
  122  8:58  Zealot  
  122  9:01  Zealot x4  
  126  9:14  Zealot x3  
  129  9:19  Zealot  
  127  9:25  Stalker x3  
  127  9:26  Stalker  
  73  9:38  Stalker x3  
  73  9:41  Stalker  
  79  9:54  Zealot x3  
  85  10:02  Nexus  
  69  10:15  Stalker x4  
Show
View Real Time Build Order
Export as new Build Order

TIME Terran - Winner!

Build Orders: Reaper Expand 

Get SALT Encoding   

  12  0:00  SCV  
  13  0:12  SCV  
  14  0:17  Supply Depot  
  14  0:24  SCV  
  15  0:38  SCV  
  15  0:40  Barracks  
  16  0:43  Refinery  
  16  0:50  SCV  
  17  1:03  SCV  
  18  1:15  SCV  
  19  1:27  Reaper  
  19  1:28  Orbital Command  
  20  1:41  Command Center  
  20  1:53  Barracks  
  20  1:56  SCV  
  21  2:01  Barracks Reactor  
  21  2:08  SCV  
  22  2:11  Supply Depot  
  22  2:20  SCV  
  22  2:22  Refinery  
  23  2:24  Factory  
  23  2:32  SCV  
  24  2:37  Marine x2  
  24  2:39  Barracks Tech Lab  
  26  2:44  SCV  
  27  2:55  Orbital Command  
  27  2:56  Marine x2  
  31  2:58  Marauder  
  31  3:02  Concussive Shells  
  31  3:05  SCV  
  32  3:13  Marine  
  32  3:14  Marine  
  36  3:20  Marauder  
  36  3:23  SCV x2  
  38  3:31  Starport  
  38  3:33  Marine x2  
  40  3:37  SCV  
  40  3:40  Factory Reactor  
  41  3:41  SCV  
  41  3:47  Supply Depot  
  42  3:49  Stimpack  
  42  3:53  Marine  
  42  3:54  Marine  
  44  3:56  SCV  
  44  3:58  SCV  
  46  4:03  Supply Depot  
  46  4:08  Marine  
  47  4:11  Marine  
  47  4:14  SCV x2  
  50  4:26  SCV  
  50  4:29  Medivac  
  50  4:30  Medivac, Marine  
  50  4:31  SCV  
  53  4:41  SCV  
  53  4:42  Marine x2  
  53  4:44  SCV  
  51  4:48  Marine  
  51  4:49  Engineering Bay, Factory Tech Lab  
  51  4:50  Refinery  
  51  4:53  SCV  
  51  4:56  SCV  
  51  4:59  Marine  
  53  5:01  Supply Depot  
  53  5:05  SCV, Marine  
  53  5:06  Barracks  
  53  5:07  Marine  
  56  5:08  SCV  
  56  5:12  Siege Tank  
  56  5:14  Starport Reactor  
  61  5:16  Terran Infantry Weapons Level 1  
  61  5:17  SCV  
  61  5:18  Refinery  
  62  5:22  Marine  
  62  5:23  SCV  
  62  5:24  Supply Depot  
  64  5:28  Combat Shield  
  64  5:29  SCV, Marine  
  64  5:32  Marine  
  64  5:35  SCV  
  67  5:40  Marine  
  67  5:41  SCV  
  66  5:46  Siege Tank  
  66  5:47  SCV, Supply Depot  
  66  5:48  Supply Depot  
  66  5:49  Marine  
  71  5:53  SCV, Marauder  
  71  5:54  Marine x2  
  76  5:58  Marine  
  76  6:00  Supply Depot  
  77  6:06  Marine  
  77  6:09  Medivac x2  
  82  6:13  Marine x2  
  82  6:15  Marauder  
  86  6:19  Siege Tank  
  86  6:21  Marine  
  90  6:26  Marine  
  90  6:30  Supply Depot  
  90  6:32  Marine x2  
  93  6:36  Command Center  
  93  6:38  Marine  
  93  6:41  Marine  
  93  6:44  SCV  
  93  6:45  SCV  
  96  6:47  Marine  
  96  6:48  Supply Depot  
  96  6:51  Marine  
  96  6:53  Siege Tank  
  101  6:54  Marine  
  101  6:56  SCV  
  101  6:57  Barracks  
  102  7:02  Barracks  
  102  7:03  Marine  
  102  7:06  Marine x2  
  104  7:10  SCV  
  104  7:11  Terran Infantry Armor Level 1  
  101  7:16  Liberator  
  101  7:17  Marine, Liberator  
  101  7:19  Marine  
  101  7:22  Marine  
  110  7:24  SCV, Marine  
  110  7:28  Marauder  
  114  7:30  Siege Tank  
  114  7:31  SCV  
  118  7:42  Supply Depot  
  118  7:45  Barracks Tech Lab  
  118  7:47  SCV, Marine x3  
  118  7:48  Orbital Command  
  118  7:50  Supply Depot, Barracks Tech Lab  
  122  7:54  Marauder  
  122  7:57  SCV  
  125  8:00  SCV  
  125  8:02  Siege Tank  
  125  8:05  Marauder  
  131  8:12  SCV  
  132  8:14  Marauder  
  132  8:29  Marine  
  132  8:30  Marauder, Marine  
  136  8:34  Marine x2  
  136  8:35  Marauder  
  140  8:42  Marine  
  140  8:45  SCV x2  
  142  8:49  Refinery  
  142  8:50  Refinery  
  142  8:51  Viking, Engineering Bay  
  142  8:52  Viking, Marauder  
  142  8:53  Armory, Command Center  
  148  8:57  Marine  
  149  9:05  Marauder, Marine  
  149  9:08  Marine x2  
  149  9:09  Marauder  
  149  9:10  Siege Tank  
  149  9:15  SCV, Marine  
  149  9:19  Supply Depot x2  
  149  9:23  SCV, Marine x2  
  149  9:25  SCV, Marine  
  149  9:27  Marauder  
  128  9:32  Marine x2  
  128  9:33  Marauder  
  125  9:40  Marine  
  125  9:41  SCV x2, Marine  
  125  9:42  SCV  
  125  9:43  Marine  
  131  9:46  Supply Depot  
  131  9:48  Marauder  
  131  9:49  Marine, Siege Tank  
  131  9:51  Marauder  
  131  9:52  Viking x2  
  142  9:54  Marine  
  139  10:11  Marine x2  
  139  10:12  Marauder  
  139  10:13  Marauder, Marine x2  

Tags
 
Add a new tag
Caveats
  • Supply blocks, unpowered buildings, or Contaminate may cause inaccurate times.
  • Supply counts are checked every 10 seconds.